 Dungeon Sprint DCSS version 0.29-a0-834-g1e95ca9f62 (webtiles) character file.

Game seed: 7010661670222811535

695 wilfster70 the Spear-Bearer (level 7, -2/63 HPs)
             Began as a Merfolk Fighter on July 12, 2022.
             Was an Initiate of Gozag.
             Slain by a vampire (11 damage)
             ... in the Dungeon (Sprint IX: "|||||||||||||||||||||||||||||").
             The game lasted 00:02:32 (478 turns).

wilfster70 the Spear-Bearer (Merfolk Fighter)        Turns: 478, Time: 00:02:32

Health: -2/63      AC: 11    Str: 18    XL:     7   Next: 64%
Magic:  7/7        EV: 14    Int: 10    God:    Gozag
Gold:   522        SH:  5    Dex: 17    Spells: 6/6 levels left

rFire   . . .      SeeInvis .   a - +0 trident
rCold   . . .      Faith    .   c - +0 buckler
rNeg    . . .      Spirit   .   o - +1 scale mail
rPois   .          Reflect  .   (no helmet)
rElec   .          Harm     .   p - +0 cloak
rCorr   .          Rampage  .   (no gloves)
Will    .....      NoTele   +   b - +0 pair of boots
Stlth   ..........              (no amulet)
HPRegen 0.20/turn               n - +3 ring of dexterity
MPRegen 0.10/turn               q - +3 ring of intelligence

@: mighty
A: (nimble swimmer 2), mertail
a: Renounce Religion, Potion Petition, Call Merchant, Bribe Branch


You were in the Dungeon.
You worshipped Gozag.
Gozag was pleased with you.
You visited 1 branch You collected 522 gold pieces.

Inventory:

Hand Weapons
 a - a +0 trident (weapon)
Armour
 b - a +0 pair of boots (worn)
 c - a +0 buckler (worn)
 o - a +1 scale mail (worn)
 p - a +0 cloak (worn)
Jewellery
 n - a +3 ring of dexterity (left hand)
 q - a +3 ring of intelligence (right hand)
Wands
 m - a wand of quicksilver (9)
Scrolls
 j - 2 scrolls of blinking
 l - 2 scrolls of amnesia
Potions
 g - a potion of haste
 h - 4 potions of magic
 k - a potion of curing


   Skills:
 + Level 8.6 Fighting
 * Level 13.4 Polearms
 + Level 6.0 Armour
 + Level 9.4 Dodging
 - Level 3.0 Shields


You had 6 spell levels left.
You didn't know any spells.
Your spell library was empty.

Dungeon Overview and Level Annotations

Branches:
Dungeon (1/1)

Altars:
Cheibriados
Dithmenos
Elyvilon
Fedhas
Gozag
Hepliaklqana
Kikubaaqudgha
Makhleb
Nemelex Xobeh
Okawaru
Qazlal
Ru
Sif Muna
Trog
Uskayaw
Vehumet
Wu Jian
Xom
Yredelemnul
Zin
The Shining One
Jiyva
Lugonu


Innate Abilities, Weirdness & Mutations

((You are very nimble when in or above water. (Stealth+, EV+, Speed+++)))
Your lower body shifts to a powerful aquatic tail in water.


Message History

You are confused.
You flicker for a moment.
You feel very mighty all of a sudden. Something hits you. Something bites you.
Something draws strength from your injuries!
You feel better.
The naga changes into a blink frog!
Something barely misses you. Something bites you.
Something draws strength from your injuries!
You hit something but do no damage. Something hits you but does no damage.
Something barely misses you.
You closely miss something. You puncture something!
Something hits you but does no damage. Something bites you but does no damage.
You completely miss something.
The yaktaur changes into a moth of wrath!
Something hits you but does no damage. You block something's attack.
The blink frog blinks!
You miss something.
You flicker back into view.
Something hits you but does no damage. Something bites you.
Something draws strength from your injuries!
You miss something.
The blink frog blinks!
You barely miss something. Something hits you!
* * * LOW HITPOINT WARNING * * *
Something bites you but does no damage.
You closely miss something.
You hear some strange, mumbled words.
Something tries to affect you, but you resist.
You hit something. You miss something. Something hits you but does no damage.
You block something's attack.
The blink frog blinks!
You closely miss something.
The blink frog blinks!
Something hits you!
* * * LOW HITPOINT WARNING * * *
Something bites you.
* * * LOW HITPOINT WARNING * * *
Something draws strength from your injuries!
You puncture something!
You feel better. Something hits you but does no damage. Something bites you!
You die...
Your body crumbles into a pile of gold.

▓.▓
▓.▓
▓.▓
▓.▓
▓9▓
▓l▓
▓y▓
$
▓{▓
$
▓@▓
$ $
▓§▓
$
▓.▓
$ $
▓.▓
$
▓.▓
$
▓)▓
$
▓F▓
$
▓.▓
▓[▓


You could see a moth of wrath shaped shifter, a komodo dragon, a blink frog
shaped shifter and a gargoyle.

Vanquished Creatures
  A slime creature (D)
  A yak (D)
  An orc warrior (D)
  An ice beast (D)
  2 killer bees (D)
  A hound (D)
  2 orc wizards (D)
  An adder (D)
  A dart slug (D)
  2 orcs (D)
  A goblin (D)
  A hobgoblin (D)
  A bat (D)
  A rat (D)
17 creatures vanquished.

Notes
Turn   | Place    | Note
-------+----------+-------------------------------------------
     0 | D        | wilfster70 the Merfolk Fighter began the quest for the Orb.
     0 | D        | Reached XP level 1. HP: 18/18 MP: 1/1
     5 | D        | Reached skill level 3 in Polearms
     5 | D        | Reached skill level 1 in Dodging
    19 | D        | Reached skill level 4 in Polearms
    20 | D        | Reached XP level 2. HP: 21/25 MP: 2/2
    70 | D        | Noticed an ice beast
    86 | D        | Reached skill level 5 in Polearms
    86 | D        | Reached XP level 3. HP: 12/31 MP: 3/3
    98 | D        | Reached skill level 6 in Polearms
   104 | D        | Killed an ice beast
   105 | D        | Reached skill level 5 in Fighting
   105 | D        | Reached skill level 8 in Polearms
   105 | D        | Reached skill level 5 in Dodging
   105 | D        | Reached XP level 4. HP: 39/40 MP: 4/4
   105 | D        | Reached XP level 5. HP: 45/46 MP: 5/5
   116 | D        | Found a snail-covered altar of Cheibriados.
   116 | D        | Found a shadowy altar of Dithmenos.
   116 | D        | Found a white marble altar of Elyvilon.
   116 | D        | Found a blossoming altar of Fedhas.
   116 | D        | Found an opulent altar of Gozag.
   117 | D        | Found a hazy altar of Hepliaklqana.
   118 | D        | Found a viscous altar of Jiyva.
   119 | D        | Found an ancient bone altar of Kikubaaqudgha.
   120 | D        | Found a corrupted altar of Lugonu.
   121 | D        | Found a burning altar of Makhleb.
   122 | D        | Found a sparkling altar of Nemelex Xobeh.
   123 | D        | Found an iron altar of Okawaru.
   124 | D        | Became a worshipper of Gozag Ym Sagoz the Greedy
   125 | D        | Found a stormy altar of Qazlal.
   126 | D        | Found a sacrificial altar of Ru.
   127 | D        | Found a shimmering blue altar of Sif Muna.
   128 | D        | Found a bloodstained altar of Trog.
   129 | D        | Found a hide-covered altar of Uskayaw.
   130 | D        | Found a radiant altar of Vehumet.
   131 | D        | Found an ornate altar of the Wu Jian Council.
   132 | D        | Found a shimmering altar of Xom.
   133 | D        | Found a basalt altar of Yredelemnul.
   134 | D        | Found a glowing silver altar of Zin.
   135 | D        | Found a glowing golden altar of the Shining One.
   191 | D        | Noticed a yak
   191 | D        | Noticed an orc warrior
   201 | D        | Reached skill level 9 in Polearms
   212 | D        | Killed an orc warrior
   213 | D        | Reached skill level 10 in Polearms
   213 | D        | Reached XP level 6. HP: 38/53 MP: 6/6
   218 | D        | Reached skill level 11 in Polearms
   225 | D        | Reached skill level 5 in Armour
   231 | D        | Killed a yak
   232 | D        | Reached skill level 12 in Polearms
   232 | D        | Reached XP level 7. HP: 23/62 MP: 7/7
   434 | D        | Noticed a gargoyle
   434 | D        | Noticed a komodo dragon
   434 | D        | Noticed a rime drake
   434 | D        | Noticed a yaktaur
   434 | D        | Noticed a vampire
   434 | D        | Noticed a slime creature
   440 | D        | a rime drake changed into an ogre
   450 | D        | Killed a slime creature
   451 | D        | Reached skill level 13 in Polearms
   459 | D        | Noticed a naga
   459 | D        | an ogre changed into a naga
   465 | D        | Noticed a blink frog
   465 | D        | a naga changed into a blink frog
   469 | D        | Noticed a moth of wrath
   469 | D        | a yaktaur changed into a moth of wrath
   476 | D        | HP: 1/63 [something (3)]
   478 | D        | Slain by a vampire

Illustrated notes

Levels and vault maps discovered:
D:        linesprint [early_d, line_temple, items_1, d_10, items_2, lair_1,
          lair_end, items_3, orc_1, orc_end, items_4, d_15, swamp_1, shoals_1,
          snake_1, spider_1, d_20, vaults_1, items_5, swamp_end, shoals_end,
          snake_end, spider_end, vaults_end, d_27, items_6, zot_1, zot_end,
          crypt_end, forest_end, elf_end, slime_end, tomb_end, abyss_end,
          pan_hell_end]

Skill      XL: |  1  2  3  4  5  6  7 |
---------------+----------------------+-----
Polearms       | 4 5 8 10 12 13 | 13.4
Dodging        | 1 3 5 7 8 9 |  9.4
Fighting       | 4 5 6 8 |  8.6
Armour         | 3 4 5 6 |  6.0
Shields        | |  3.0

Action                   |  1- 3 |  4- 6 |  7- 9 || total
-------------------------+-------+-------+-------++-------
Melee: Trident           |    47 |    36 |    42 ||   125
Evoke: Wand              |       |       |     1 ||     1
  Use: Potion            |     2 |     4 |     4 ||    10
 Stab: Distracted        |       |     1 |       ||     1
       Invisible         |       |       |     4 ||     4
Armor: Scale mail        |    20 |     9 |    17 ||    46
Dodge: Dodged            |    17 |    21 |     8 ||    46
Block: Buckler           |    14 |     5 |     4 ||    23

Table legend: (Time is in decaauts)
 A = Elapsed time spent in this place.
 B = Non-inter-level travel time spent in this place.
 C = Inter-level travel time spent in this place.
 D = Time resting spent in this place.
 E = Time spent auto-exploring this place.
 F = Levels seen in this place.
 G = Mean time per level.
                   A        B        C        D        E       F      G
               +--------+--------+--------+--------+--------+-----+--------+
         Total |    471 |    471 |      0 |    230 |      0 |   1 |  471.0 |
       Dungeon |    471 |    471 |      0 |    230 |      0 |   1 |  471.0 |
               +--------+--------+--------+--------+--------+-----+--------+

Top non-repeatable levels by time:
       D: 471 daAuts
